AoeStats
← CougarHuntin

MegaRandom

510243983Analyzed
2v2 RM · 11h ago on Sep 30, 2026· 25m 7s· 4 players
Game mode
Random Map
Map size
Medium (4 player)
Population
200
Speed
Normal
Resources
Standard
Victory
Conquest
Starting age
Dark Age
Ending age
Imperial Age
RankedLock teamsTeams togetherTeam positionsShared explorationLock speedFull tech treeHidden civsTurbo modeCheats
Victory
Defeat
🇨🇱 Danes · Chile
863
+11
🇨🇱 Saxons · Chile
766
+15
🇺🇸 Mongols · United States
737
-13
🇺🇸 Mongols · United States
737
-13
Aravy
11:53 Feudal Age
13:25 Man-at-Arms
14:16 Double-Bit Axe
20:21 Fletching
22:10 Loom
22:10 Town Watch
24:28 Wheelbarrow
25:38 Forging
Steryl_Pykle
7:37 Loom
11:08 Feudal Age
11:19 Man-at-Arms
11:44 Arson
13:45 Forging
17:34 Fletching
19:21 Scale Mail Armor
22:40 Wheelbarrow
26:06 Castle Age
CougarHuntin
0:41 Loom
13:33 Feudal Age
14:57 Man-at-Arms
20:18 Double-Bit Axe
25:51 Castle Age
killertony74
2:32 Loom
14:17 Feudal Age
14:48 Man-at-Arms
Connection lost

Rejoining the realm…

Still unreachable

The connection could not be restored.

Session expired

The server has moved on; the page needs a fresh start.